AoeStats
← paulgabduggan

Socotra

504125863Analyzed
2v2 RM · 27d ago on Sep 4, 2026· 41m 59s· 4 players
Game mode
Random Map
Map size
Tiny (2 player)
Population
200
Speed
Normal
Resources
Standard
Victory
Conquest
Starting age
Dark Age
Ending age
Imperial Age
RankedLock teamsTeams togetherTeam positionsShared explorationLock speedFull tech treeHidden civsTurbo modeCheats
Victory
Defeat
🇺🇸 Mapuche · United States
1364
+13
🇺🇸 Goths · United States
1265
+18
🇦🇷 Malay · Argentina
1481
-22
🇲🇽 Sicilians · Mexico
1138
-9
VL HippieBien
2:05 Loom
10:31 Feudal Age
17:20 Town Watch
19:16 Fletching
19:49 Scale Mail Armor
20:42 Double-Bit Axe
20:39 Horse Collar
27:19 Castle Age
26:05 Padded Archer Armor
27:49 Elite Skirmisher
29:37 Bodkin Arrow
35:58 Forging
39:07 Pikeman
VL Mano
1:13 Loom
10:29 Feudal Age
12:14 Man-at-Arms
17:39 Double-Bit Axe
18:30 Fletching
21:27 Padded Archer Armor
24:23 Castle Age
23:26 Elite Skirmisher
24:03 Bodkin Arrow
25:47 Bow Saw
27:37 Ballistics
33:28 Leather Archer Armor
34:56 Wheelbarrow
35:34 Pikeman
41:53 Imperial Age
Miles_WithFriends
0:38 Loom
10:38 Feudal Age
10:49 Man-at-Arms
14:13 Double-Bit Axe
15:40 Horse Collar
19:24 Fletching
22:20 Castle Age
23:08 Wheelbarrow
23:48 Bow Saw
29:51 Scale Mail Armor
30:33 Forging
30:37 Squires
33:46 Chain Mail Armor
33:49 Town Watch
37:59 Hand Cart
40:57 Imperial Age
42:42 Chemistry
42:09 Ballistics
43:02 Two-Man Saw
paulgabduggan
6:33 Loom
7:16 Loom
9:31 Feudal Age
10:06 Double-Bit Axe
16:36 Castle Age
16:16 Fletching
17:20 Bodkin Arrow
17:28 Horse Collar
19:45 Padded Archer Armor
23:29 Leather Archer Armor
25:05 Gold Mining
37:24 Imperial Age
35:59 Wheelbarrow
36:44 Wheelbarrow
36:56 Bow Saw
36:50 Heavy Plow
38:51 Coinage
38:01 Capped Ram
38:01 Heavy Scorpion
43:32 Chemistry
Connection lost

Rejoining the realm…

Still unreachable

The connection could not be restored.

Session expired

The server has moved on; the page needs a fresh start.